 Dungeon Crawl Stone Soup version 0.29-a0-251-g80730f7218 (webtiles) character file.

Game seed: 11746493992125373987

189 siradein the Sneak (level 5, -1/27 HPs)
             Began as a Vine Stalker Brigand on Mar 6, 2022.
             Engulfed by a steam dragon's steam (7 damage)
             ... on level 4 of the Dungeon.
             The game lasted 00:08:44 (2778 turns).

siradein the Sneak (Vine Stalker Brigand)           Turns: 2778, Time: 00:08:45

Health: -1/27      AC:  7    Str: 14    XL:     5   Next: 68%
Magic:  0/6        EV: 12    Int: 13    God:
Gold:   65         SH:  0    Dex: 15    Spells: 0/4 levels left

rFire   . . .      SeeInvis .   o - +2 dagger (venom)
rCold   . . .      Faith    .   (no shield)
rNeg    . . .      Spirit   +   a - +0 leather armour
rPois   .          Reflect  .   k - +2 helmet
rElec   .          Harm     .   c - +0 cloak
rCorr   .          Rampage  .   (no gloves)
Will    .....                   (no boots)
Stlth   +++.......              (no amulet)
HPRegen 0.89/turn               w - ring of wizardry
MPRegen 0.10/turn               (no ring)

@: no status effects
A: fangs 2, regeneration 1, magic shield, antimagic bite, no potion heal 2
a: no special abilities


You were on level 4 of the Dungeon.
You visited 1 branch of the dungeon, and saw 4 of its levels.

You collected 131 gold pieces.
You spent 66 gold pieces at shops.

Inventory:

Hand Weapons
 o - a +2 dagger of venom (weapon)
Missiles
 d - 6 poisoned darts (quivered)
 e - 2 curare-tipped darts
 n - 3 atropa-tipped darts
Armour
 a - a +0 leather armour (worn)
 c - a +0 cloak (worn)
 k - a +2 helmet (worn)
Jewellery
 w - a ring of wizardry (left hand)
Scrolls
 f - 3 scrolls of magic mapping
 g - 2 scrolls of teleportation
 l - a scroll of fog
 m - 5 scrolls of immolation {unknown}
 q - 2 scrolls of noise {unknown}
 s - a scroll of brand weapon {unknown}
 t - a scroll of holy word {unknown}
Potions
 h - 2 potions of haste
 i - a potion of heal wounds {unknown}
 j - 2 potions of curing {unknown}
 p - a potion of attraction {unknown}
 r - a potion of degeneration {unknown}
 u - a potion of flight {unknown}
 v - a potion of ambrosia {unknown}


   Skills:
 + Level 2.7 Fighting
 + Level 2.7 Short Blades
 + Level 2.7 Throwing
 + Level 1.9 Dodging
 + Level 5.7 Stealth
 + Level 0.4 Hexes


You couldn't memorise any spells.
You knew the following spells:

 Your Spells              Type           Power      Damage    Failure   Level
a - Passwall              Tmut/Erth      0%         N/A       24%         2
b - Ensorcelled Hibernat  Hex/Ice        0%         N/A       22%         2

Your spell library contained the following spells:

 Spells                   Type           Power      Damage    Failure   Level
 Sublimation of Blood     Necr           0%         N/A       24%         2
 Wereblood                Tmut           0%         N/A       24%         2
 Swiftness                Air            0%         N/A       41%         3
 Summon Hydra             Summ           0%         N/A       100%        7


Dungeon Overview and Level Annotations

Branches:
Dungeon (4/15)
 Temple: D:4-7

Altars:

Shops:
D:1 *   D:2 =(([?


Innate Abilities, Weirdness & Mutations

You have extremely sharp teeth.
Your natural rate of healing is unusually fast.
When hurt, damage is shared between your health and your magic reserves.
Your bite disrupts and absorbs the magic of your enemies.
Potions cannot restore your health.


Message History

There is a stone staircase leading up here.
The helpless howler monkey fails to defend itself.
You impale the howler monkey!!
You kill the howler monkey!
You open the door.
There is an open door here.
A steam dragon comes into view.
The steam dragon hisses angrily.
You hear a bark!
You hear a shout!
Throw: 8 darts (poison)
Press: ? - help, Q - select action, (/) - cycle Shift-Dir - straight line, f - steam dragon
Aim: a steam dragon (60% to hit)
You throw a poisoned dart.
The poisoned dart hits the steam dragon.
The steam dragon is poisoned.
A hound comes into view.
The steam dragon breathes steam at you. The ball of steam hits you!
The hound moves out of view.
You hear a shout! x2
Throw: 7 darts (poison)
Press: ? - help, Q - select action, (/) - cycle Shift-Dir - straight line, f/p - steam dragon
Aim: a steam dragon (steam, lightly wounded, poisoned, 60% to hit)
You throw a poisoned dart.
The poisoned dart hits the steam dragon.
The steam dragon looks even sicker.
The steam dragon is lightly wounded.
The steam dragon breathes steam at you. The ball of steam hits you!
You are too injured to fight recklessly!
Unknown command.
An orc comes into view. It is wielding a +0 flail.
The steam dragon misses you. The steam dragon barely misses you.
You hit the steam dragon.
The steam dragon looks even sicker.
You bite the steam dragon, but do no damage.
The steam dragon is moderately wounded.
The steam dragon breathes steam at you. The ball of steam hits you!
* * * LOW HITPOINT WARNING * * *
You hear a shout!
You are engulfed in a cloud of scalding steam.
You die...

############
#<.......§§#
##########§##
#....§..#
#..§§§§@#
#..§§§§§#
######D## #h#
#.# #(# #o#
#.# (.#


You could see a steam dragon (very poisoned, catching breath).

Vanquished Creatures
  A jelly (D:3)
  A howler monkey (D:4)
  Terence (D:3)
  2 adders (D:2)
  A worm (D:2)
  An orc (D:3)
  7 endoplasms
  4 giant cockroaches
  5 goblins
  3 hobgoblins
  7 jackals
  5 kobolds
  2 quokkas
  12 ball pythons
  2 bats
  7 frilled lizards
  3 rats
64 creatures vanquished.

Vanquished Creatures (others)
  4 toadstools (D:1)
4 creatures vanquished.

Grand Total: 68 creatures vanquished

Notes
Turn   | Place    | Note
-------+----------+-------------------------------------------
     0 | D:1      | siradein the Vine Stalker Brigand began the quest for the
                  | Orb.
     0 | D:1      | Reached XP level 1. HP: 11/11 MP: 2/2
   288 | D:1      | Reached skill level 1 in Dodging
   288 | D:1      | Reached XP level 2. HP: 11/15 MP: 3/3
   365 | D:1      | Reached skill level 5 in Stealth
   472 | D:1      | Found Jirr's Assorted Antiques.
   567 | D:1      | Found a faded altar of an unknown god.
  1046 | D:2      | Reached XP level 3. HP: 9/18 MP: 1/4
  1219 | D:2      | Found Juschain's Weapon Shoppe.
  1524 | D:2      | Found Zogrud's Magic Scroll Boutique.
  1531 | D:2      | Bought a scroll of identify for 24 gold pieces
  1531 | D:2      | Bought a scroll of magic mapping for 42 gold pieces
  1543 | D:2      | Found Narhep's Antique Armour Shoppe.
  1587 | D:2      | Found Vedac's Weapon Shop.
  1732 | D:2      | Gained mutation: Your natural rate of healing is unusually
                  | fast. [Vine Stalker growth]
  1732 | D:2      | Reached XP level 4. HP: 23/23 MP: 5/5
  1767 | D:2      | Found Kywnik's Jewellery Shop.
  2110 | D:3      | Noticed Terence
  2259 | D:3      | Killed Terence
  2260 | D:3      | Reached XP level 5. HP: 27/27 MP: 6/6
  2616 | D:3      | Learned a level 2 spell: Passwall
  2619 | D:3      | Learned a level 2 spell: Ensorcelled Hibernation
  2703 | D:4      | Noticed a black bear
  2764 | D:4      | Noticed a steam dragon
  2778 | D:4      | Engulfed by a steam dragon's steam

Illustrated notes

Levels and vault maps discovered:
D:1:      ldierk_walled_garden_2, layout_rooms, serial_shops, shop_statue,
          shapermc_ecumenical_altar_notcrosses
D:2:      layout_basic, serial_shops, shop, nicolae_lakefront_shop,
          shop_scrolls, shop, shop
D:3:      layout_rooms, minmay_liquid_box, uniq_terence
D:4:      minmay_diamond_boxcup, layout_basic, ebering_ghost_sewer_f,
          minmay_manual_monolith

Skill      XL: |  1  2 |
---------------+-------+-----
Dodging        | 1 |  1.9
Stealth        | 5 |  5.7
Throwing       | 2 |  2.7
Fighting       | 2 |  2.7
Short Blades   | 2 |  2.7
Hexes          | |  0.4

Action                   |  1- 3 |  4- 6 || total
-------------------------+-------+-------++-------
Melee: Dagger            |    86 |    55 ||   141
       Bite              |    16 |    12 ||    28
       Punch             |       |     1 ||     1
Throw: Dart              |       |     5 ||     5
  Use: Scroll            |     2 |     1 ||     3
 Stab: Sleeping          |     8 |     5 ||    13
       Distracted        |     1 |       ||     1
Armor: Robe              |    27 |       ||    27
       Leather armour    |       |    21 ||    21
Dodge: Dodged            |    35 |    29 ||    64

Table legend: (Time is in decaauts)
 A = Elapsed time spent in this place.
 B = Non-inter-level travel time spent in this place.
 C = Inter-level travel time spent in this place.
 D = Time resting spent in this place.
 E = Time spent auto-exploring this place.
 F = Levels seen in this place.
 G = Mean time per level.
                   A        B        C        D        E       F      G
               +--------+--------+--------+--------+--------+-----+--------+
         Total |   2767 |   2692 |     75 |      0 |   1963 |   4 |  691.8 |
       Dungeon |   2767 |   2692 |     75 |      0 |   1963 |   4 |  691.8 |
               +--------+--------+--------+--------+--------+-----+--------+

Top non-repeatable levels by time:
     D:2: 1120 daAuts
     D:1: 857 daAuts
     D:3: 756 daAuts
     D:4: 32 daAuts
